 Dungeon Crawl Stone Soup version 0.32-a0-136-gc02482bde3 (webtiles) character file.

Game seed: 7613092832524086517

37 Ceno the Insei (level 3, -1/23 HPs)
             Began as an Octopode Shapeshifter on Feb 10, 2024.
             Slain by an endoplasm (2 damage)
             ... on level 2 of the Dungeon.
             The game lasted 00:01:37 (679 turns).

Ceno the Insei (Octopode Shapeshifter)               Turns: 679, Time: 00:01:41

Health: -1/23      AC:  1    Str: 10 (13) XL:     3   Next: 39%
Magic:  3/3        EV: 13    Int:  9 (12) God:
Gold:   112        SH:  5    Dex: 10 (13) Spells: 2/2 levels left

rFire   . .          .
                       - Unarmed
rCold   . . .        (no shield)
rNeg    . . .        (helmet currently unavailable)
rPois   .            i - amulet of reflection
rElec   .            e - ring of wizardry
rCorr   +            g - ring of resist corrosion
SInv    .            (no ring)
Will    .....        (no ring)
Stlth   +++          (no ring)
HPRegen 0.23/turn    (no ring)
MPRegen 0.08/turn    (no ring)
                     (no ring)

%: reflection, wizardry (x1)
@: lethally poisoned (-1 -> -10), beast-form
A: beast (slay +1), almost no armour, amphibious, 8 rings, camouflage 1,
gelatinous body 1, (nimble swimmer 1), tentacles
a: Begin Untransformation


You were on level 2 of the Dungeon.
You were a hulking beast.
You visited 1 branch of the dungeon, and saw 4 of its levels.

You collected 112 gold pieces.

Inventory:

Jewellery
 e - a ring of wizardry (left tentacle)
 g - a ring of resist corrosion (right tentacle)
 i - an amulet of reflection (around mantle)
Talismans
 b - a beast talisman
 c - a flux talisman
Scrolls
 d - a scroll of identify {unknown}
 h - a scroll of torment {unknown}
Potions
 a - a potion of lignification


   Skills:
 - Level 1.0 Fighting
 - Level 2.0 Dodging
 * Level 3.0 Stealth
 + Level 3.3 Unarmed Combat
 + Level 3.3 Shapeshifting


You had 2 spell levels left.
You didn't know any spells.
Your spell library contained the following spells:

 Spells                   Type           Power      Damage    Failure   Level
 Sandblast                Erth           0%         2d4       16%         1
 Passwall                 Erth           0%         N/A       43%         3
 Stone Arrow              Conj/Erth      0%         3d7       43%         3
 Brom's Barrelling Bould  Conj/Erth      0%         2d3       82%         4


Dungeon Overview and Level Annotations

Branches:
Dungeon (4/15)
 Temple: D:4-7

Altars:


Innate Abilities, Weirdness & Mutations

You are a hulking beast.
Your limbs bulge with bestial killing power. (Slay +1)
You cannot wear most types of armour.
You are amphibious.
You can wear up to eight rings at the same time.
Your skin changes colour to match your surroundings (Stealth+).
Your rubbery body absorbs attacks. (AC +1, EV +1)
((You are camouflaged when in or above water. (Stealth+)))
You have tentacles for arms and can constrict up to eight enemies at once.


Message History

You constrict the adder.
You feel sick. The adder misses you.
You tentacle-slap the adder. Your grab misses the adder.
The adder is heavily wounded.
You constrict the adder.
You kill the adder!
You feel sick.
You are no longer poisoned.
The adder barely misses you.
Your Stealth skill increases to level 3!
You closely miss the adder. Your grab misses the adder.
The adder is heavily wounded.
The adder barely misses you. You block the adder's attack.
You barely miss the adder. Your grab misses the adder.
The adder is heavily wounded.
The endoplasm freezes you.
You are frozen.
You block the adder's attack.
You closely miss the adder. You grab the adder.
You squeeze the adder, but do no damage.
The adder is heavily wounded.
You constrict the adder. The endoplasm freezes you.
You are frozen.
The adder bites you.
You are poisoned.
The adder poisons you!
You tentacle-slap the endoplasm.
The endoplasm is heavily wounded.
You constrict the adder, but do no damage.
You feel sick. The adder bites you.
You are lethally poisoned!
The adder poisons you! The endoplasm freezes you.
You are frozen.
* * * LOW HITPOINT WARNING * * *
It was a potion of degeneration.
There was something very wrong with that liquid.
You feel weakened.
You feel dopey.
You feel clumsy.
You constrict the adder.
* * * LOW HITPOINT WARNING * * *
You feel sick. You block the adder's attack. The endoplasm hits you.
You die...

.........###........
.#..###............
......###.......# ### .
............###..#
...........###... ......
.###.......##.$. .......
#.......#gg. .......
..###.....#JS## .$.....
...........##h.## .......
..##.......##...###..
#......
###..............####......
#.##..#......####...## #.
#.....#.........#..... #.
###.....###...........##†
##..... ..............
#..... ..............
#....... .............


You could see an adder, an endoplasm and 2 hobgoblins.

Vanquished Creatures
  An adder (D:2)
  3 dart slugs
  An orc (D:3)
  2 ball pythons
  3 endoplasms
  A giant cockroach (D:1)
  A goblin (D:2)
  2 kobolds (D:1)
  2 bats (D:1)
  2 frilled lizards (D:1)
  3 rats
21 creatures vanquished.

Notes
Turn   | Place    | Note
-------+----------+-------------------------------------------
     0 | D:1      | Ceno the Octopode Shapeshifter began the quest for the Orb.
     0 | D:1      | Reached XP level 1. HP: 13/13 MP: 1/1
    98 | D:1      | Reached skill level 1 in Stealth
   163 | D:1      | Reached XP level 2. HP: 14/18 MP: 2/2
   584 | D:2      | Found a faded altar of an unknown god.
   601 | D:2      | You fall into a shaft and drop 2 floors!
   636 | D:3      | Reached XP level 3. HP: 23/23 MP: 3/3
   679 | D:2      | HP: 1/23 [poisoned by an adder]
   679 | D:2      | Slain by an endoplasm

Illustrated notes

Levels and vault maps discovered:
D:1:      denvon_arrival_planthouse, layout_basic
D:2:      layout_rooms, hellmonk_ecumenical_altar_heavens_door,
          serial_corexii_hall, chequers_hall_statues_corner_a,
          corexii_hall_statues_s, corexii_hall_statues_x,
          corexii_hall_statues_x, minivault_25, minmay_cupped
D:3:      layout_loops_cross
D:4:      layout_basic, uniq_natasha, uniq_eustachio

Skill      XL: |  1  2  3 |
---------------+----------+-----
Stealth        | 1 2 3 |  3.0
Fighting       | |  1.0
Dodging        | |  2.0
Unarmed Combat | |  3.3
Shapeshifting  | |  3.3

Action                     || total
---------------------------++-------
  Melee: Unarmed           ||    40
         Constrict         ||     9
         Tentacles         ||     8
    Use: Potion            ||     1
   Stab: Sleeping          ||     6
 Armour: Skin              ||    11
  Dodge: Dodged            ||    20
  Block: Other             ||     5

Table legend: (Time is in decaauts)
 A = Elapsed time spent in this place.
 B = Non-inter-level travel time spent in this place.
 C = Inter-level travel time spent in this place.
 D = Time resting spent in this place.
 E = Time spent auto-exploring this place.
 F = Levels seen in this place.
 G = Mean time per level.
                   A        B        C        D        E       F      G
               +--------+--------+--------+--------+--------+-----+--------+
         Total |    674 |    642 |     32 |      0 |    461 |   4 |  168.5 |
       Dungeon |    674 |    642 |     32 |      0 |    461 |   4 |  168.5 |
               +--------+--------+--------+--------+--------+-----+--------+

Top non-repeatable levels by time:
     D:1: 568 daAuts
     D:2: 69 daAuts
     D:4: 31 daAuts
     D:3: 5 daAuts
